Map: Abyssal Reef LE

Players

Zest

  • Race: Protoss Protoss
  • League: Master
  • Spawn Location: 5:00

Gumiho - Winner!

  • Race: Terran Terran
  • League: Master
  • Spawn Location: 11:00

Event: HomeStory Cup XV

VOD

Have the link to the VOD?

Description

Time

  • Played on: July 23, 2017, 8:49 a.m.
  • Length: 6:25

All games in this series

Show
View Real Time Build Order
Export as new Build Order

Zest Protoss 

Build Orders: 1 Gate Expand, Oracle Opening 

Get SALT Encoding   

  12  0:00  Probe (Chrono Boost)  
  13  0:11  Probe (Chrono Boost)  
  14  0:18  Pylon  
  14  0:22  Probe (Chrono Boost)  
  15  0:36  Probe (Chrono Boost)  
  15  0:38  Gateway  
  16  0:46  Probe (Chrono Boost)  
  16  0:47  Assimilator  
  18  0:57  Probe (Chrono Boost)  
  18  1:07  Probe (Chrono Boost)  
  19  1:21  Nexus  
  20  1:31  Cybernetics Core  
  19  1:35  Probe (Chrono Boost)  
  20  1:42  Assimilator  
  20  1:46  Probe (Chrono Boost)  
  21  1:52  Pylon  
  21  1:56  Probe (Chrono Boost)  
  22  2:07  Probe (Chrono Boost)  
  23  2:10  Adept (Chrono Boost)  
  25  2:16  Stargate  
  25  2:19  Probe  
  26  2:31  Probe  
  26  2:32  Probe  
  26  2:34  Adept (Chrono Boost)  
  30  2:37  Warp Gate  
  30  2:43  Probe x2  
  32  2:53  Probe  
  32  2:55  Probe  
  34  3:04  Probe  
  37  3:09  Probe, Oracle (Chrono Boost)  
  37  3:11  Pylon  
  39  3:14  Pylon  
  39  3:15  Probe  
  39  3:28  Probe  
  39  3:29  Probe  
  41  3:38  Probe  
  40  3:41  Probe  
  40  3:42  Oracle (Chrono Boost)  
  44  3:49  Probe  
  44  3:53  Probe  
  44  3:59  Mothership Core (Chrono Boost)  
  44  4:01  Pylon, Gateway  
  44  4:02  Gateway  
  46  4:05  Pylon  
  46  4:13  Nexus  
  46  4:19  Probe (Chrono Boost)  
  47  4:25  Probe (Chrono Boost), Pylon  
  48  4:34  Pylon  
  48  4:37  Probe x2 (Chrono Boost)  
  48  4:38  Pylon  
  50  4:44  Stalker  
  52  4:47  Probe (Chrono Boost)  
  52  4:50  Probe (Chrono Boost)  
  54  4:56  Assimilator  
  54  4:58  Stalker x2, Assimilator  
  58  5:00  Probe (Chrono Boost)  
  58  5:01  Probe (Chrono Boost)  
  60  5:07  Twilight Council  
  60  5:10  Forge, Pylon  
  60  5:12  Stalker  
  61  5:26  Stalker x2  
  68  5:28  Probe x3 (Chrono Boost)  
  68  5:35  Stalker  
  64  5:50  Stalker x2  
  60  6:02  Stalker  
  46  6:06  Mothership Core (Chrono Boost)  
  46  6:13  Probe x2 (Chrono Boost)  
  46  6:15  Zealot x2  
Show
View Real Time Build Order
Export as new Build Order

Gumiho Terran - Winner!

Build Orders:  

Get SALT Encoding   

  12  0:00  SCV  
  13  0:12  SCV  
  14  0:17  Supply Depot  
  14  0:24  SCV  
  15  0:38  SCV  
  15  0:40  Barracks  
  16  0:44  Refinery  
  16  0:50  SCV  
  17  1:02  SCV  
  18  1:14  SCV  
  19  1:27  Orbital Command, Marine  
  20  1:43  Command Center  
  20  1:46  Barracks Reactor  
  20  1:52  SCV  
  21  1:57  Supply Depot  
  21  2:05  SCV  
  22  2:09  Factory  
  22  2:17  SCV  
  22  2:18  Refinery  
  23  2:23  Marine x2  
  23  2:29  SCV  
  26  2:41  Marine x2, SCV  
  29  2:54  Widow Mine  
  29  2:55  Orbital Command, Starport  
  29  2:57  SCV  
  32  3:01  Marine  
  32  3:03  Marine  
  34  3:15  SCV  
  34  3:18  Marine  
  36  3:21  SCV  
  36  3:24  Cyclone  
  39  3:27  Marine  
  39  3:31  Medivac  
  39  3:33  SCV  
  39  3:34  SCV  
  44  3:36  Marine  
  44  3:45  Marine  
  44  3:46  SCV x2  
  45  3:49  Supply Depot  
  45  3:54  Marine  
  44  4:00  SCV  
  44  4:01  Viking  
  46  4:08  Supply Depot  
  46  4:10  Marine, Factory Tech Lab  
  46  4:12  Marine  
  48  4:22  SCV x2  
  50  4:25  Supply Depot  
  50  4:30  Siege Tank  
  53  4:34  Marine x2  
  55  4:44  Viking  
  57  4:48  SCV  
  57  4:51  Marine  
  57  4:52  Marine  
  60  4:55  SCV  
  61  5:00  SCV, Supply Depot  
  61  5:03  Siege Tank  
  65  5:08  SCV  
  65  5:09  Liberator, Marine  
  65  5:11  Engineering Bay  
  65  5:12  SCV  
  65  5:13  Marine  
  69  5:20  SCV  
  70  5:27  Marine  
  70  5:28  SCV  
  75  5:30  Supply Depot  
  75  5:32  Marine  
  75  5:33  SCV  
  77  5:40  SCV  
  78  5:45  SCV  
  78  5:46  Marine  
  74  5:50  Marine  
  74  5:52  SCV  
  76  5:57  SCV  
  76  6:04  Marine, SCV  
  73  6:09  SCV  
Tags
 
Add a new tag
Caveats
  • Supply blocks, unpowered buildings, or Contaminate may cause inaccurate times.
  • Supply counts are checked every 10 seconds.